 Dungeon Crawl Stone Soup version 0.29.1-2-gbd0b4ee654 (webtiles) character file.

Game seed: 3607972649674632222

12617 Mitcholas the Cleaver (level 11, -4/88 HPs)
             Began as a Minotaur Berserker on Nov 6, 2022.
             Was a High Priest of Trog.
             Slain by a slime creature (10 damage)
             ... in an ice cave.
             The game lasted 00:46:01 (13535 turns).

Mitcholas the Cleaver (Minotaur Berserker)         Turns: 13535, Time: 00:46:01

Health: -4/88      AC: 16    Str: 26    XL:     11   Next: 64%
Magic:  3/3        EV:  7    Int:  4    God:    Trog [*****.]
Gold:   484        SH: 13    Dex: 16    Spells: 10/10 levels left

rFire   . . .      SeeInvis .   l - +3 broad axe (antimagic)
rCold   + . .      Faith    .   C - +1 kite shield
rNeg    . . .      Spirit   .   D - +0 plate armour
rPois   .          Reflect  .   (helmet restricted)
rElec   .          Harm     .   (no cloak)
rCorr   .          Rampage  .   (no gloves)
Will    .....                   r - +0 pair of boots
Stlth   ..........              (no amulet)
HPRegen 0.24/turn               f - +6 ring of dexterity
MPRegen 0.08/turn               x - ring of protection from cold

@: on berserk cooldown, slowed, very slow
A: horns 2, retaliatory headbutt
a: Renounce Religion, Berserk, Trog's Hand, Brothers in Arms


You were in an ice cave.
You worshipped Trog.
Trog was extremely pleased with you.
You visited 2 branches of the dungeon, and saw 12 of its levels.
You also visited: Ice Cave.

You collected 628 gold pieces.
You spent 144 gold pieces at shops.

Inventory:

Hand Weapons
 l - a +3 antimagic broad axe (weapon)
Missiles
 w - 28 poisoned darts (quivered)
 y - 2 throwing nets
 H - 4 boomerangs
 J - a curare-tipped dart
Armour
 r - a +0 pair of boots (worn)
 C - a +1 kite shield (worn)
 D - a +0 plate armour (worn)
Jewellery
 f - a +6 ring of dexterity (left hand)
 x - a ring of protection from cold (right hand)
 I - a ring of resist corrosion
Wands
 c - a wand of digging (4)
 k - a wand of iceblast (32)
 m - a wand of flame (38)
 s - a wand of charming (18)
 u - a wand of polymorph (14)
 v - a wand of quicksilver (10)
Scrolls
 a - a scroll of teleportation
 e - a scroll of identify
 g - 3 scrolls of immolation
 j - a scroll of torment
 p - a scroll of fear
 A - 2 scrolls of poison
 B - a scroll of amnesia
Potions
 b - a potion of invisibility
 d - 4 potions of mutation
 i - 10 potions of curing
 n - 2 potions of lignification
 q - 4 potions of berserk rage
 t - 2 potions of heal wounds
 z - a potion of magic
 E - 2 potions of resistance
 F - 3 potions of might
 G - a potion of brilliance


   Skills:
 * Level 5.3 Fighting
 - Level 13.6(14.0) Axes
 - Level 4.5(10.0) Maces & Flails
 + Level 10.2 Armour
 - Level 2.1 Dodging
 + Level 9.8 Shields
 + Level 7.5 Evocations


You had 10 spell levels left.
You didn't know any spells.
Your spell library was empty.

Dungeon Overview and Level Annotations

Branches:
Dungeon (11/15)            Temple (1/1) D:7            Lair (0/5) D:8
    Orc (0/2) D:9           IceCv (1/1)

Altars:
Ashenzari
Cheibriados
Dithmenos
Elyvilon
Fedhas
Gozag
Hepliaklqana
Kikubaaqudgha
Makhleb
Nemelex Xobeh
Okawaru
Qazlal
Ru
Sif Muna
Trog
Uskayaw
Vehumet
Wu Jian
Xom
Yredelemnul
Zin
The Shining One

Shops:
D:1 :*   D:4 *   D:9 (


Innate Abilities, Weirdness & Mutations

You have a pair of horns on your head.
You reflexively headbutt those who attack you in melee.


Message History

Aim: a slime creature (severely wounded, 94% to hit)
The bolt of dispelling energy hits the slime creature!!
You kill the slime creature!
Trog accepts your kill.
You hit the slime creature.
The slime creature is heavily wounded.
The slime creature hits you!
* * * LOW HITPOINT WARNING * * *
Aiming: Quicksilver Bolt
Press: ? - help, Shift-Dir - straight line, f - slime creature
Aim: a slime creature (heavily wounded, 94% to hit)
The bolt of dispelling energy hits the slime creature!!
The slime creature is almost dead.
The slime creature hits you.
* * * LOW HITPOINT WARNING * * *
The slime creature hits you but does no damage.
Unknown command.
Aiming: Quicksilver Bolt
Press: ? - help, Shift-Dir - straight line, f/p - slime creature
Aim: a slime creature (almost dead, 94% to hit)
The bolt of dispelling energy hits the slime creature!!
You kill the slime creature!
Trog accepts your kill.
Aiming: Quicksilver Bolt
Press: ? - help, Shift-Dir - straight line, f - slime creature
Aim: a slime creature (heavily wounded, 94% to hit)
The bolt of dispelling energy hits the slime creature!
The slime creature is severely wounded.
The slime creature hits you!
* * * LOW HITPOINT WARNING * * *
Aiming: Quicksilver Bolt
Press: ? - help, Shift-Dir - straight line, f/p - slime creature
Aim: a slime creature (severely wounded, 94% to hit)
The bolt of dispelling energy hits the slime creature!
The slime creature is almost dead.
The bolt of dispelling energy hits the great orb of eyes simulacrum!!
The great orb of eyes simulacrum vaporises!
Trog accepts your kill. The slime creature hits you!
You die...

##### ##.∩.## #..∩.@#
##..J## ##☼## ##.##
####...####
####.........####
###.....#####.....###
###.....###
####Z.Z.## #....####
###...####


You could see a slime creature.

Vanquished Creatures
  A quicksilver ooze (IceCv)
  Harold (D:10)
  2 two-headed ogres
  An ugly thing (D:10)
  A cyclops (D:11)
  2 ice statues (IceCv)
  An unseen horror (D:7)
  2 trolls
  2 hornets
  7 slime creatures (IceCv)
  Sigmund (D:3)
  3 yaks (D:10)
  A hog (shapeshifter) (D:11)
  3 steam dragons
  2 acid dragons
  2 water moccasins
  A great orb of eyes simulacrum (IceCv)
  A sky beast (D:6)
  A hornet zombie (D:5)
  A black bear (D:7)
  4 orc warriors (D:9)
  3 ice beasts
  3 centaurs
  A phantom (D:3)
  2 slime creature simulacra (IceCv)
  3 kobold brigands
  5 bullfrogs
  A scorpion (D:4)
  4 gnoll sergeants
  2 necrophages
  2 glowing shapeshifter simulacra (IceCv)
  10 wights
  6 killer bees (D:9)
  7 howler monkeys
  A crimson imp (D:8)
  A centaur zombie (D:5)
  3 hounds
  A human zombie (D:5)
  2 jellies
  5 orc priests
  2 bullfrog zombies (D:5)
  Crazy Yiuf (D:3)
  Jessica (D:3)
  4 iguanas
  8 orc wizards
  A scorpion zombie (D:5)
  A hound zombie (D:5)
  A mummy (D:5)
  Robin (D:4)
  23 gnolls
  6 adders
  5 white imps
  2 ufetubi
  A worm (D:3)
  A dart slug (D:2)
  26 orcs
  9 endoplasms
  2 giant cockroaches
  9 hobgoblins
  14 jackals
  21 kobolds
  5 quokkas
  4 ball pythons
  6 bats
  3 frilled lizards
  19 goblins
  3 rats
281 creatures vanquished.

Vanquished Creatures (others)
  4 fungi (D:8)
  4 plants
8 creatures vanquished.

Grand Total: 289 creatures vanquished

Notes
Turn   | Place    | Note
-------+----------+-------------------------------------------
     0 | D:1      | Mitcholas the Minotaur Berserker began the quest for the
                  | Orb.
     0 | D:1      | Reached XP level 1. HP: 19/19 MP: 0/0
    69 | D:1      | Reached skill level 4 in Axes
   236 | D:1      | Found Yrru's Book Shop.
   248 | D:1      | Reached XP level 2. HP: 21/26 MP: 1/1
   345 | D:1      | Found Ecvun's Assorted Antiques.
   690 | D:1      | Found a faded altar of an unknown god.
   769 | D:2      | Reached skill level 5 in Axes
   832 | D:2      | Reached ** piety under Trog
   836 | D:2      | Reached XP level 3. HP: 31/31 MP: 2/2
  1162 | D:2      | Reached skill level 1 in Maces & Flails
  1263 | D:2      | Found an ancient bone altar of Kikubaaqudgha.
  1645 | D:3      | Noticed Sigmund
  1672 | D:3      | Killed Sigmund
  1673 | D:3      | Reached skill level 6 in Axes
  1673 | D:3      | Reached XP level 4. HP: 39/39 MP: 3/3
  1673 | D:3      | Reached XP level 5. HP: 45/45 MP: 4/4
  1790 | D:3      | Noticed Jessica
  1793 | D:3      | Killed Jessica
  1824 | D:3      | Noticed a phantom
  1833 | D:3      | Killed a phantom
  1834 | D:3      | Reached skill level 7 in Axes
  1834 | D:3      | Reached XP level 6. HP: 39/51 MP: 5/5
  1904 | D:1      | Bought a runed hand axe for 144 gold pieces
  2126 | D:3      | Found an iron altar of Okawaru.
  2148 | D:3      | Found a runed translucent door.
  2149 | D:3      | Noticed Crazy Yiuf
  2357 | D:3      | Reached *** piety under Trog
  2490 | D:3      | Killed Crazy Yiuf
  2797 | D:4      | Reached skill level 8 in Axes
  2925 | D:4      | Found a sacrificial altar of Ru.
  3061 | D:4      | Noticed Robin
  3135 | D:4      | Found an ornate altar of the Wu Jian Council.
  3164 | D:4      | Found Xysmiufi's General Store.
  3204 | D:4      | Reached XP level 7. HP: 57/57 MP: 6/6
  3345 | D:4      | Reached **** piety under Trog
  3368 | D:4      | Reached skill level 9 in Axes
  3522 | D:4      | Killed Robin
  3580 | D:5      | Entered Level 5 of the Dungeon
  3726 | D:5      | Reached skill level 10 in Axes
  4269 | D:5      | Found a bloodstained altar of Trog.
  4337 | D:5      | Reached skill level 1 in Shields
  4337 | D:5      | Reached XP level 8. HP: 36/63 MP: 7/7
  4485 | D:5      | Reached skill level 1 in Evocations
  4610 | D:5      | Found an ancient bone altar of Kikubaaqudgha.
  4892 | D:6      | Reached skill level 11 in Axes
  5143 | D:6      | Reached ***** piety under Trog
  5286 | D:6      | You fall into a shaft and drop 3 floors!
  5315 | D:9      | Reached skill level 5 in Armour
  5318 | D:9      | Reached XP level 9. HP: 70/70 MP: 8/8
  5693 | D:9      | Reached skill level 5 in Shields
  5767 | D:9      | Found a staircase to the Orcish Mines.
  6213 | D:9      | Noticed a troll
  6218 | D:9      | Killed a troll
  6219 | D:9      | Reached skill level 12 in Axes
  6531 | D:9      | Identified the +0 robe of Ru {rF- Dex+3 SInv}
  6792 | D:7      | Found a staircase to the Ecumenical Temple.
  6798 | Temple   | Entered the Ecumenical Temple
  7142 | D:7      | Found a shadowy altar of Dithmenos.
  7212 | D:6      | Received a gift from Trog
  7843 | D:7      | Reached XP level 10. HP: 77/77 MP: 3/9
  7978 | D:7      | Reached skill level 5 in Evocations
  8604 | D:7      | Found a snail-covered altar of Cheibriados.
  8611 | D:7      | Found a basalt altar of Yredelemnul.
  8702 | D:7      | Found a glowing golden altar of the Shining One.
 10038 | D:8      | Found a broken altar of Ashenzari.
 10057 | D:8      | Found a staircase to the Lair.
 10599 | D:9      | Found Kigaqud's Weapon Shoppe.
 10599 | D:9      | Found a sparkling altar of Nemelex Xobeh.
 11022 | D:9      | Noticed a two-headed ogre
 11038 | D:9      | Killed a two-headed ogre
 11039 | D:9      | Reached skill level 13 in Axes
 11303 | D:10     | Entered Level 10 of the Dungeon
 11565 | D:10     | Noticed a two-headed ogre
 11571 | D:10     | Killed a two-headed ogre
 11850 | D:10     | Found a hazy altar of Hepliaklqana.
 11853 | D:10     | Noticed a red ugly thing
 11859 | D:10     | Killed a red ugly thing
 11860 | D:10     | Reached XP level 11. HP: 82/82 MP: 3/10
 12235 | D:10     | Noticed Harold
 12251 | D:10     | Killed Harold
 12598 | D:11     | Found a frozen archway.
 12613 | IceCv    | Entered an ice cave
 12816 | IceCv    | Noticed a quicksilver ooze
 12833 | IceCv    | Killed a quicksilver ooze
 13261 | IceCv    | Reached skill level 10 in Armour
 13518 | IceCv    | HP: 5/127 [slime creature (15)]
 13521 | IceCv    | Reached skill level 5 in Fighting
 13535 | IceCv    | Slain by a slime creature

Illustrated notes

Levels and vault maps discovered:
D:1:      minmay_arrival_open_corners, layout_rooms,
          hellmonk_ecumenical_altar_inner_sanctum, serial_shops,
          nicolae_shop_statue_plus, shop, due_unseen_surprise
D:2:      layout_loops_cross, basic_altar, chequers_serial_rivers_small_a
D:3:      layout_basic, lemuel_tele_altar, uniq_sigmund, uniq_jessica,
          uniq_crazy_yiuf_cottage
D:4:      minmay_chambers_of_fours, layout_cave_pools,
          nicolae_overflow_crystal_walls, pdpol_wu_jian_five_deadly_venoms,
          serial_shops, shop, uniq_robin
D:5:      layout_loops_cross, mainiacjoe_overflow_alcove_4,
          lemuel_mausoleum_altar_kikubaaqudgha, serial_park_tiny_pond
D:6:      layout_basic
D:7:      black_bear_nest_2, layout_loops_ring, mainiacjoe_overflow_alcove_1,
          minmay_overflow_temple_star_quad, minmay_temple_entry_enclosed_plants,
          nicolae_fountain_basement
D:8:      layout_rooms, ashenzari_altar_1, dpeg_oklobed_lair,
          minmay_fire_ice_demons
D:9:      layout_roguey, nemelex_xobeh_ov_fountains_minmay,
          minmay_orc_entry_temple_small, serial_shops, nicolae_stop_n_shop_2,
          minmay_fountain_box
D:10:     layout_roguey, nicolae_hepliaklqana_hazy_memory, uniq_harold
D:11:     layout_loops_cross, portal_ice_cave_entry_pillars_1
Temple:   chequers_temple_sunken
IceCv:    ice_cave_hellmonk_azure_passage

Skill      XL: |  1  2  3  4  5  6  7  8  9 10 11 |
---------------+----------------------------------+-----
Axes           | 4 5 6 7 8 10 11 12 13 | 13.6
Maces & Flails | 3 4 |  4.5
Shields        | 1 4 6 8 9 |  9.8
Armour         | 5 7 9 10 | 10.2
Evocations     | 3 4 6 7 |  7.5
Fighting       | 5 |  5.3
Dodging        | |  2.1

Action                   |  1- 3 |  4- 6 |  7- 9 | 10-12 || total
-------------------------+-------+-------+-------+-------++-------
Melee: Hand axe          |    42 |    76 |   324 |       ||   442
       Headbutt          |    15 |    13 |    73 |    61 ||   162
       Flail             |    44 |    11 |       |       ||    55
       Punch             |       |     1 |       |       ||     1
       Broad axe         |       |       |    30 |   256 ||   286
Invok: Berserk           |     1 |       |     2 |     6 ||     9
Evoke: Wand              |       |       |       |    11 ||    11
  Use: Scroll            |       |       |     5 |    18 ||    23
       Potion            |       |       |       |     3 ||     3
Armor: Animal skin       |     7 |       |       |       ||     7
       Chain mail        |    23 |    37 |    68 |       ||   128
       Plate armour      |       |       |    30 |   105 ||   135
Dodge: Dodged            |    38 |    21 |    81 |    44 ||   184
Block: Kite shield       |       |       |    97 |   127 ||   224
